 Dungeon Crawl Stone Soup version 0.19.1 (webtiles) character file.

170 esteth the Skirmisher (level 5, -2/42 HPs)
             Began as a Formicid Abyssal Knight on Dec 19, 2016.
             Was a Believer of Lugonu.
             Slain by an orc priest
             ... wielding a +0 mace
              (4 damage)
             ... on level 4 of the Dungeon.
             The game lasted 00:07:46 (2530 turns).

esteth the Skirmisher (Formicid Abyssal Knight)     Turns: 2530, Time: 00:07:47

Health: -2/42      AC: 11    Str: 18    XL:     5   Next: 80%
Magic:  6/6        EV:  5    Int: 11    God:    Lugonu [**....]
Gold:   174        SH:  5    Dex: 13    Spells: 0 memorised, 4 levels left

rFire  . . .     SeeInvis +     a - +1 spear
rCold  . . .     Gourm    .     f - +0 plate armour
rNeg   . . .     Faith    .     e - +0 buckler
rPois  .         Spirit   .     (helmet unavailable)
rElec  .         Reflect  .     (no cloak)
rCorr  .         Harm     .     (no gloves)
MR     .....                    (no boots)
Stlth  ..........               (no amulet)
                                (no ring)
                                h - +3 ring of dexterity

@: no status effects
A: permanent stasis, dig shafts and tunnels, four strong arms, antennae 3
a: Dig, Shaft Self, Depart the Abyss, Bend Space, Renounce Religion


You were on level 4 of the Dungeon.
You worshipped Lugonu.
Lugonu was pleased with you.
You were not hungry.

You visited 1 branch of the dungeon, and saw 4 of its levels.
You visited the Abyss 1 time.

You collected 174 gold pieces.

Inventory:

Hand Weapons
 a - a +1 spear (weapon)
Armour
 b - a +0 leather armour
 e - a +0 buckler (worn)
 f - a +0 plate armour (worn)
Jewellery
 h - a +3 ring of dexterity (left hand)
Scrolls
 i - 2 scrolls of fear {unknown}
 j - 2 scrolls of identify
 k - a scroll of recharging {unknown}
 l - a scroll of random uselessness {unknown}
Potions
 m - a potion of agility {unknown}
Comestibles
 c - a bread ration
 d - a meat ration


   Skills:
 + Level 4.2 Fighting
 * Level 3.4 Polearms
 - Level 2.3 Armour
 - Level 1.1 Dodging
 * Level 3.8 Shields
 - Level 2.1 Invocations


You had 4 spell levels left.
You didn't know any spells.

Dungeon Overview and Level Annotations

Branches:
Dungeon (4/15)
 Temple: D:4-7

Altars:


Innate Abilities, Weirdness & Mutations

You are under a permanent stasis effect.
You can dig through walls and to a lower floor.
Your four strong arms can wield two-handed weapons with a shield.
You have a pair of large antennae on your head. (SInv)


Message History

You are too injured to fight recklessly!
You are too injured to fight recklessly!
You hit the orc priest.
The orc priest is severely wounded.
The orc priest calls down the wrath of Beogh upon you.
Beogh smites you!
* * * LOW HITPOINT WARNING * * *
The orc priest barely misses you.
You closely miss the orc priest.
The orc priest is severely wounded.
You block the orc priest's attack.
You hit the orc priest.
You kill the orc priest!
Lugonu accepts your kill.
The orc priest hits you but does no damage.
Okay, then.
You hit the orc priest.
The orc priest is moderately wounded.
The orc priest hits you with a mace.
You die... ########### #o@)....... ###########

You could see an orc priest.

Vanquished Creatures
  An orc wizard (D:2)
  2 orc priests
  2 worms (D:2)
  3 dart slugs
  2 leopard geckos
  5 orcs
  5 bats
  4 giant cockroaches
  9 goblins
  10 hobgoblins
  2 jackals
  A quokka (D:3)
  5 frilled lizards
  6 kobolds
  5 rats
62 creatures vanquished.

Notes
Turn   | Place    | Note
-------+----------+-------------------------------------------
     0 | Abyss:1  | esteth the Formicid Abyssal Knight began the quest for the Orb.
     0 | Abyss:1  | Reached XP level 1. HP: 18/18 MP: 2/2
    56 | Abyss:1  | Found an iron altar of Okawaru.
   163 | Abyss:1  | Noticed a small abomination
   164 | D:1      | Escaped the Abyss
   484 | D:1      | Reached skill level 1 in Dodging
   489 | D:1      | Reached XP level 2. HP: 23/24 MP: 3/3
   682 | D:1      | Reached * piety under Lugonu
   795 | D:1      | Reached skill level 1 in Shields
   877 | D:1      | Reached XP level 3. HP: 24/29 MP: 4/4
  1540 | D:2      | Reached XP level 4. HP: 37/37 MP: 5/5
  2061 | D:2      | Reached skill level 4 in Fighting
  2088 | D:2      | Reached XP level 5. HP: 38/42 MP: 6/6
  2143 | D:2      | Reached ** piety under Lugonu
  2149 | D:2      | HP: 1/42 [orc wizard/puff of frost (6)]
  2152 | D:2      | You fall through a shaft for 2 floors!
  2527 | D:4      | HP: 1/42 [orc priest/divine providence (9)]
  2530 | D:4      | Slain by an orc priest

Skill      XL: |  1  2  3  4 |
---------------+-------------+-----
Dodging        | 1 |  1.1
Shields        | 1 2 3 |  3.8
Fighting       | 4 |  4.2
Polearms       | 3 |  3.4
Armour         | |  2.3
Invocations    | |  2.1

Action                   |  1- 3 |  4- 6 || total
-------------------------+-------+-------++-------
Melee: Spear             |   120 |   133 ||   253
Invok: Depart the Abyss  |     1 |       ||     1
 Abil: Shaft Self        |       |     1 ||     1
  Use: Scroll            |     2 |       ||     2
  Eat: Chunk             |     2 |     2 ||     4
       Bread ration      |       |     1 ||     1
Armor: Leather armour    |    24 |       ||    24
       Plate armour      |     4 |   119 ||   123
Dodge: Dodged            |    50 |    32 ||    82
Block: Buckler           |    12 |    34 ||    46
